 Dungeon Crawl Stone Soup version 0.18.1-50-g88ac8fd (webtiles) character file.

70 Iflex the Ruffian (level 4, 0/37 HPs)
             Began as a Ghoul Gladiator on Oct 1, 2016.
             Slain by a goblin (4 damage)
             ... led by Robin
             ... while paralysed
             ... on level 2 of the Dungeon.
             The game lasted 00:10:31 (1644 turns).

Iflex the Ruffian (Ghoul Gladiator)                 Turns: 1644, Time: 00:10:37

Health: 0/37       AC:  5    Str: 16 (19) XL:     4   Next: 21%
Magic:  3/3        EV: -1    Int:  0 (3)  God:
Gold:   127        SH:  0    Dex:  6 (9)  Spells: 0 memorised, 3 levels left

rFire  . . .     SeeInvis .       - Unarmed
rCold  + . .     Gourm    .     a - +0 leather armour
rNeg   + + +     Faith    .     (no shield)
rPois  ∞         Spirit   .     b - +0 helmet
rElec  .         Dismiss  .     k - +0 cloak
rCorr  .         Reflect  .     (no gloves)
SustAt .         Harm     .     (no boots)
MR     .....                    (no amulet)
Stlth  +.........               (no ring)
                                (no ring)

@: paralysed, about to teleport, rotting, slowed, lost intelligence,
constricted, not resistant to hostile enchantments, very unstealthy
A: rotting body, claws 1, carnivore 3, cold resistance 1, negative energy
resistance 3, slow regeneration 1, torment resistance, unbreathing
a: no special abilities


You were on level 2 of the Dungeon.
You were not hungry.

You visited 1 branch of the dungeon, and saw 3 of its levels.

You collected 127 gold pieces.

Inventory:

Missiles
 w - 3 large rocks
Armour
 a - a +0 leather armour (worn)
 b - a +0 helmet (worn)
 g - a cursed +0 leather armour
 k - a +0 cloak (worn)
 l - a +0 ring mail
 t - a +0 plate armour
Scrolls
 c - a scroll of magic mapping {unknown}
 m - a scroll of recharging {unknown}
 q - a scroll of teleportation
 r - a scroll of remove curse {unknown}
 u - a scroll of enchant weapon {unknown}
Potions
 e - 2 potions of lignification
 o - a potion of brilliance
 s - a potion of haste {unknown}
Comestibles
 d - 3 meat rations
 f - a beef jerky
 h - 3 fruits
 n - a slice of pizza
 v - a royal jelly
 x - a chunk of flesh


   Skills:
 + Level 2.5 Fighting
 + Level 1.9 Throwing
 + Level 1.0 Armour
 + Level 3.3 Dodging
 + Level 0.2 Stealth
 + Level 4.1 Unarmed Combat


You had 3 spell levels left.
You didn't know any spells.

Dungeon Overview and Level Annotations

Branches:
Dungeon (3/15)

Altars:
Kikubaaqudgha

Annotations:
D:3 Robin


Innate Abilities, Weirdness & Mutations

Your body is rotting away.
You thrive on raw meat.
You are immune to poison.
You have sharp fingernails.
You are carnivorous and can eat meat at any time.
Your flesh is cold resistant.
You are immune to negative energy.
You regenerate slowly when monsters are visible.
You are immune to unholy pain and torment.
You can survive without breathing.


Message History

You kill the goblin!
The ball python closely misses you. The ball python constricts you.
The goblin hits you.
* * * LOW HITPOINT WARNING * * *
The goblin hits you.
* * * LOW HITPOINT WARNING * * *
The ball python bites you but does no damage.
The ball python constricts you.
As you read the scroll of teleportation, it crumbles to dust.
You feel strangely unstable. The goblin misses you. The goblin hits you.
* * * LOW HITPOINT WARNING * * *
The ball python barely misses you. The ball python constricts you.
It was a potion of degeneration.
There was something very wrong with that liquid.
You feel weakened.
You feel dopey.
You have lost your intelligence.
You feel clumsy. The goblin hits you.
* * * LOW HITPOINT WARNING * * *
The goblin hits you.
You die...

#.......####.##.##
#.......##.#.##.#
####.......#.##.#
#..#..#.#.##.#
#............#
##.#....#.####
#.#....#.############
##.#.#g)#.).....<....#
#....#S@##############
#....#g## #....#S#
##.#.#.# #.#.#.#
####.#.#.# #......#.#
#......#.# #......#.#


You could see an adder, 2 goblins and a ball python.

Vanquished Creatures
  2 adders (D:2)
  A worm (D:2)
  A dart slug (D:1)
  2 giant geckos
  6 bats
  2 bat zombies (D:2)
  7 goblins
  3 hobgoblins (D:2)
  3 jackals (D:1)
  3 kobolds
  3 giant newts
  12 rats
  2 rat zombies (D:2)
47 creatures vanquished.

Notes
Turn   | Place    | Note
--------------------------------------------------------------
     0 | D:1      | Iflex the Ghoul Gladiator began the quest for the Orb.
     0 | D:1      | Reached XP level 1. HP: 17/17 MP: 0/0
   385 | D:1      | Reached XP level 2. HP: 20/24 MP: 1/1
   958 | D:2      | Reached XP level 3. HP: 20/30 MP: 2/2
  1020 | D:2      | Reached skill level 4 in Unarmed Combat
  1340 | D:2      | Reached XP level 4. HP: 34/37 MP: 3/3
  1441 | D:2      | Reached skill level 1 in Armour
  1493 | D:2      | Found an ancient bone altar of Kikubaaqudgha.
  1631 | D:3      | Noticed Robin
  1644 | D:2      | Lost intelligence.
  1644 | D:2      | Slain by a goblin

Skill      XL: |  1  2  3  4 |
---------------+-------------+-----
Dodging        | 3 |  3.3
Unarmed Combat | 4 |  4.1
Armour         | 1 |  1.0
Fighting       | |  2.5
Throwing       | |  1.9
Stealth        | |  0.2

Action                   |  1- 3 |  4- 6 || total
-------------------------+-------+-------++-------
Melee: Unarmed           |   118 |    25 ||   143
Throw: Throwing net      |    14 |       ||    14
  Use: Scroll            |     1 |     3 ||     4
       Potion            |       |     2 ||     2
 Stab: Held in net/web   |     1 |       ||     1
  Eat: Chunk             |     3 |     8 ||    11
Armor: Leather armour    |    50 |    22 ||    72
Dodge: Dodged            |   121 |    28 ||   149
